AoeStats
← squad_leader999

Arabia

506133258Analyzed
1v1 RM · 18d ago on Sep 12, 2026· 35m 13s· 2 players
Game mode
Random Map
Map size
Tiny (2 player)
Population
200
Speed
Normal
Resources
Standard
Victory
Conquest
Starting age
Dark Age
Ending age
Imperial Age
RankedLock teamsTeams togetherTeam positionsShared explorationLock speedFull tech treeHidden civsTurbo modeCheats
Victory
Defeat
🇸🇦 Mongols · Saudi Arabia
1088
+17
🇨🇳 Burgundians · China
1099
-17
squad_leader999
0:37 Loom
12:44 Feudal Age
14:02 Double-Bit Axe
15:13 Horse Collar
22:30 Castle Age
20:47 Gold Mining
21:42 Bloodlines
22:39 Pikeman
23:30 Fletching
26:07 Scale Barding Armor
26:12 Forging
28:03 Chain Barding Armor
32:48 Bow Saw
34:50 Bodkin Arrow
35:07 Murder Holes
paulsolleron
7:01 Loom
10:12 Feudal Age
10:55 Double-Bit Axe
20:10 Castle Age
18:12 Horse Collar
19:10 Gold Mining
20:36 Scale Barding Armor
20:42 Forging
21:00 Bow Saw
21:08 Husbandry
21:46 Fletching
22:30 Cavalier
24:07 Wheelbarrow
23:19 Town Watch
25:58 Squires
25:20 Pikeman
27:46 Two-Man Saw
30:11 Hand Cart
Connection lost

Rejoining the realm…

Still unreachable

The connection could not be restored.

Session expired

The server has moved on; the page needs a fresh start.